 Dungeon Crawl Stone Soup version 0.28.0 (webtiles) character file.

Game seed: 7714809664910032385

1288 PoweredByGinger the Cleaver (level 8, 0/71 HPs)
             Began as a Minotaur Fighter on Feb 15, 2022.
             Was a Follower of Okawaru.
             Slain by an orc warrior (8 damage)
             ... on level 8 of the Dungeon.
             The game lasted 00:05:49 (5339 turns).

PoweredByGinger the Cleaver (Minotaur Fighter)      Turns: 5339, Time: 00:05:50

Health: 0/71       AC:  8    Str: 23    XL:     8   Next: 30%
Magic:  7/7        EV: 10    Int:  5    God:    Okawaru [*.....]
Gold:   244        SH:  0    Dex: 10    Spells: 7/7 levels left

rFire   . . .      SeeInvis .   a - +1 war axe
rCold   . . .      Faith    .   (no shield)
rNeg    . . .      Spirit   .   b - +0 scale mail
rPois   .          Reflect  .   (helmet restricted)
rElec   .          Harm     .   l - +0 cloak
rCorr   .          Rampage  .   (no gloves)
Will    +....      Clarity  +   (no boots)
Stlth   ..........              (no amulet)
HPRegen 0.21/turn               (no ring)
MPRegen 0.10/turn               (no ring)

@: no status effects
A: horns 2, retaliatory headbutt, clarity, strong-willed 1, screaming 1
a: Renounce Religion, Heroism


You were on level 8 of the Dungeon.
You worshipped Okawaru.
Okawaru was aware of your devotion.
You visited 2 branches of the dungeon, and saw 7 of its levels.

You collected 268 gold pieces.
You spent 24 gold pieces at shops.

Inventory:

Hand Weapons
 a - a +1 war axe (weapon)
Missiles
 r - 56 arrows
 u - 17 bolts
 y - 4 curare-tipped darts (quivered)
Armour
 b - a +0 scale mail (worn)
 c - a +0 buckler
 l - a +0 cloak (worn)
Jewellery
 h - a ring of protection from cold
 k - a ring of protection from cold
 v - a ring of fire
Wands
 x - a wand of flame (39)
Scrolls
 e - a scroll of immolation {unknown}
 i - a scroll of fear
 m - a scroll of torment {unknown}
 n - 2 scrolls of amnesia
 p - 2 scrolls of enchant weapon
 s - a scroll of teleportation {unknown}
 w - 2 scrolls of identify
Potions
 d - 3 potions of might
 f - a potion of haste {unknown}
 g - 3 potions of flight
 j - a potion of heal wounds {unknown}
 q - a potion of lignification {unknown}
 t - a potion of brilliance {unknown}


   Skills:
 + Level 6.6 Fighting
 * Level 10.5 Axes
 - Level 3.6 Armour
 - Level 2.3 Dodging
 - Level 0.3 Stealth
 - Level 3.6 Shields
 - Level 0.1 Evocations


You had 7 spell levels left.
You didn't know any spells.
Your spell library contained the following spells:

 Spells                   Type           Power      Damage    Failure   Level
 Sandblast                Erth           0%         2d4       78%         1
 Corpse Rot               Necr/Air       0%         N/A       89%         2
 Passwall                 Tmut/Erth      0%         N/A       89%         2
 Poisonous Vapours        Pois/Air       0%         N/A       89%         2
 Conjure Flame            Conj/Fire      0%         6-21      98%         3
 Ignite Poison            Fire/Tmut/Pois 0%         N/A       98%         3
 Stone Arrow              Conj/Erth      0%         3d7       98%         3
 Sticky Flame             Conj/Fire      0%         2d3       100%        4
 Orb of Destruction       Conj           0%         9d5       100%        7
 Summon Guardian Golem    Hex/Summ       Unusable   N/A       N/A         3
 Spellforged Servitor     Conj/Summ      Unusable   N/A       N/A         7

Dungeon Overview and Level Annotations

Branches:
Dungeon (5/15)             Temple (1/1) D:4

Altars:
Ashenzari
Cheibriados
Dithmenos
Elyvilon
Gozag
Hepliaklqana
Kikubaaqudgha
Okawaru
Ru
Sif Muna
Trog
Vehumet
Wu Jian
Xom
Yredelemnul
Zin
The Shining One

Shops:
D:2 ?

Annotations:
D:5 2 transporters, Arctor's ghost, amateur DrTm
D:8 Grum


Innate Abilities, Weirdness & Mutations

You have a pair of horns on your head.
You reflexively headbutt those who attack you in melee.
You possess an exceptional clarity of mind.
You are strong-willed. (Will+)
You occasionally shout uncontrollably at your foes.


Message History

The wolf bites you but does no damage. The wolf bites you.
You slash the wolf!
The wolf is almost dead.
The wolf bites you.
You miss the wolf. Your headbutt misses the wolf.
The wolf is almost dead.
The wolf bites you.
The orc wizard casts a spell.
The orc wizard flickers and vanishes!
Deactivating autopickup; reactivate with Ctrl-A.
The wolf completely misses you. You furiously retaliate!
You headbutt the wolf!
You kill the wolf!
Okawaru accepts your kill.
No target in view!
Found 26 arrows.
The orc warrior hits you with a +0 halberd!
You hit the orc warrior but do no damage.
The orc warrior completely misses you.
You slash the orc warrior!
You headbutt the orc warrior, but do no damage.
The orc warrior is moderately wounded.
The orc warrior barely misses you.
You closely miss the orc warrior.
The orc warrior is moderately wounded.
You hit the orc warrior but do no damage.
You punch the orc warrior.
The orc warrior is moderately wounded.
The orc warrior hits you with a +0 halberd!!
You slash the orc warrior!
The orc warrior is severely wounded.
You barely miss the orc warrior. Your headbutt misses the orc warrior.
The orc warrior is severely wounded.
The orc warrior hits you with a +0 halberd!!
* * * LOW HITPOINT WARNING * * *
You feel better.
The orc warrior hits you with a +0 halberd!
* * * LOW HITPOINT WARNING * * *
You feel better.
The orc warrior hits you with a +0 halberd!
You die...

#.##. #.##.
#.##.## #.##..#
#..##.# #.
##.##.#
#..###.##.# ###
#........# ..#
#####.#@.#
#.####### #oo###
#.o.....# ##.#
...####.#######.#
##..###.......#.#
###.......###.o.#
# #######.#
##..### # #...#
#....# # #.###
#..#.#


You could see an orc warrior, an orc wizard and an orc.

Vanquished Creatures
  Prince Ribbit (D:5)
  A sky beast (D:5)
  A black bear (D:5)
  2 wolves (D:8)
  3 ogres (D:4)
  A phantom (D:4)
  A scorpion (D:5)
  A howler monkey (D:4)
  2 hounds
  A jelly (D:4)
  An orc priest (D:5)
  An iguana (D:4)
  An orc wizard (D:5)
  A hound zombie (D:5)
  2 adders
  3 gnolls (D:5)
  An adder skeleton (D:4)
  2 worms (D:3)
  5 dart slugs
  6 orcs
  7 ball pythons
  8 bats
  8 endoplasms
  3 giant cockroaches
  5 goblins
  5 hobgoblins
  2 jackals (D:4)
  4 quokkas
  2 frilled lizards
  2 rats
83 creatures vanquished.

Notes
Turn   | Place    | Note
-------+----------+-------------------------------------------
     0 | D:1      | PoweredByGinger the Minotaur Fighter began the quest for
                  | the Orb.
     0 | D:1      | Reached XP level 1. HP: 19/19 MP: 0/0
    55 | D:1      | Reached skill level 3 in Axes
   132 | D:1      | Reached XP level 2. HP: 23/26 MP: 1/1
   288 | D:1      | Found a faded altar of an unknown god.
   798 | D:2      | Found a shimmering blue altar of Sif Muna.
   803 | D:2      | Reached skill level 4 in Axes
   823 | D:2      | Reached XP level 3. HP: 25/31 MP: 2/2
  1249 | D:2      | Found Qocvurch's Magic Scroll Emporium.
  1358 | D:2      | Bought a scroll of identify for 24 gold pieces
  1498 | D:2      | Gained mutation: Your magical capacity is low. (-10% MP)
                  | [potion of mutation]
  1498 | D:2      | Gained mutation: Your mind is acute. (Int +2) [potion of
                  | mutation]
  1498 | D:2      | Gained mutation: Armour fits poorly on your strangely
                  | shaped body. [potion of mutation]
  1499 | D:2      | Lost mutation: Armour fits poorly on your strangely shaped
                  | body. [potion of mutation]
  1499 | D:2      | Lost mutation: Your mind is acute. (Int +2) [potion of
                  | mutation]
  1499 | D:2      | Lost mutation: Your magical capacity is low. (-10% MP)
                  | [potion of mutation]
  1499 | D:2      | Gained mutation: You occasionally shout uncontrollably at
                  | your foes. [potion of mutation]
  1499 | D:2      | Gained mutation: You possess an exceptional clarity of
                  | mind. [potion of mutation]
  1499 | D:2      | Gained mutation: You are strong-willed. (Will+) [potion of
                  | mutation]
  1593 | D:3      | Reached skill level 1 in Dodging
  1614 | D:3      | Reached skill level 5 in Axes
  1614 | D:3      | Reached XP level 4. HP: 33/39 MP: 3/3
  2293 | D:3      | Found a faded altar of an unknown god.
  2298 | D:3      | Found an iron altar of Okawaru.
  2575 | D:4      | Noticed an ogre
  2662 | D:4      | Found a staircase to the Ecumenical Temple.
  2725 | D:4      | Killed an ogre
  2726 | D:4      | Reached skill level 6 in Axes
  2726 | D:4      | Reached XP level 5. HP: 45/45 MP: 4/4
  2749 | Temple   | Entered the Ecumenical Temple
  3182 | D:4      | Reached skill level 7 in Axes
  3182 | D:4      | Reached XP level 6. HP: 40/51 MP: 5/5
  3313 | D:4      | Found a glowing silver altar of Zin.
  3343 | D:4      | Found a glowing golden altar of the Shining One.
  3502 | D:3      | Became a worshipper of Warmaster Okawaru
  3607 | D:4      | Reached skill level 8 in Axes
  3788 | D:4      | Reached XP level 7. HP: 18/60 MP: 6/6
  4291 | D:5      | Entered Level 5 of the Dungeon
  4474 | D:5      | Reached skill level 5 in Fighting
  4535 | D:5      | Found a transporter.
  4586 | D:5      | Noticed Prince Ribbit
  4595 | D:5      | Killed Prince Ribbit
  4595 | D:5      | Reached * piety under Okawaru
  4596 | D:5      | Reached skill level 9 in Axes
  4798 | D:5      | Found a transporter.
  4798 | D:5      | Noticed Arctor's ghost (amateur DrTm)
  4883 | D:5      | Reached XP level 8. HP: 56/70 MP: 7/7
  4963 | D:5      | Reached skill level 10 in Axes
  5019 | D:5      | You fall into a shaft and drop 3 floors!
  5042 | D:8      | Noticed Grum
  5338 | D:8      | HP: 3/71 [orc warrior (10)]
  5339 | D:8      | Slain by an orc warrior

Illustrated notes

Levels and vault maps discovered:
D:1:      dpeg_arrival_central, layout_rooms, ebering_ecumenical_altar_mist
D:2:      layout_basic, serial_shops, shop, basic_altar
D:3:      layout_loops_ring, nicolae_overflow_ecumenical_swirl
D:4:      layout_basic, zin_academy, lemuel_crystal_altar,
          minmay_temple_entry_arrows
D:5:      layout_loops_ring, gammafunk_ghost_mausoleum, uniq_prince_ribbit1
D:8:      layout_rooms, mainiacjoe_overflow_brackets, special_room
          [special_room_orc], serial_shops, nicolae_shop_behind_doors, uniq_grum
Temple:   eino_temple_lava

Skill      XL: |  1  2  3  4  5  6  7  8 |
---------------+-------------------------+-----
Axes           | 3 4 5 6 7 8 9 10 | 10.5
Dodging        | 1 2 |  2.3
Fighting       | 4 6 |  6.6
Armour         | |  3.6
Stealth        | |  0.3
Shields        | |  3.6
Evocations     | |  0.1

Action                   |  1- 3 |  4- 6 |  7- 9 || total
-------------------------+-------+-------+-------++-------
Melee: War axe           |    67 |    87 |    64 ||   218
       Headbutt          |     6 |     8 |     6 ||    20
       Punch             |       |       |     1 ||     1
Evoke: Wand              |       |     3 |     1 ||     4
  Use: Scroll            |     3 |       |     6 ||     9
       Potion            |     2 |       |     3 ||     5
Armor: Scale mail        |    56 |    32 |    31 ||   119
Dodge: Dodged            |    38 |    37 |    35 ||   110
